 Dungeon Crawl Stone Soup version 0.29.0-15-g675c0067aa (webtiles) character file.

Game seed: 18211286854976233993

4 qw the Shield-Bearer (level 1, 0/14 HPs)
             Began as a Gargoyle Fighter on Sept 12, 2022.
             Constricted to death by a ball python (1 damage)
             ... on level 1 of the Dungeon.
             The game lasted 00:00:03 (72 turns).

qw the Shield-Bearer (Gargoyle Fighter)               Turns: 72, Time: 00:00:04

Health: 0/14       AC:  9    Str: 19    XL:     1   Next: 70%
Magic:  1/1        EV:  6    Int:  8    God:
Gold:   11         SH:  4    Dex:  9    Spells: 0/0 levels left

rFire   . . .      SeeInvis .   a - +0 war axe
rCold   . . .      Faith    .   c - +0 buckler
rNeg    + . .      Spirit   .   b - +0 scale mail
rPois   inf        Reflect  .   (no helmet)
rElec   +          Harm     .   (no cloak)
rCorr   .          Rampage  .   (no gloves)
Will    .....                   (no boots)
Stlth   ..........              (no amulet)
HPRegen 0.04/turn               (no ring)
MPRegen 0.07/turn               (no ring)

@: constricted
A: sickness immunity, AC +2, negative energy resistance 1, electricity
resistance, torment resistance 1, petrification resistance
a: no special abilities


You were on level 1 of the Dungeon.
You visited 1 branch of the dungeon, and saw 1 of its levels.

You collected 11 gold pieces.


Innate Abilities, Weirdness & Mutations

You are immune to sickness and miasma.
Your stone body is resilient. (AC +2)
You are immune to poison.
You resist negative energy. (rN+)
You are resistant to electric shocks. (rElec)
You are resistant to unholy torment.
You are immune to petrification.


   Skills:
 - Level 3.2 Fighting
 + Level 2.2 Axes
 - Level 3.2 Armour
 - Level 3.2 Shields


You couldn't memorise any spells.
You didn't know any spells.
Your spell library was empty.

Inventory:

Hand Weapons
 a - a +0 war axe (weapon)
Armour
 b - a +0 scale mail (worn)
 c - a +0 buckler (worn)
Scrolls
 e - a scroll of magic mapping {unknown}
 f - a scroll of blinking {unknown}
 g - a scroll of vulnerability {unknown}
Potions
 d - a potion of might

Dungeon Overview and Level Annotations

Branches:
Dungeon (1/15)

Altars:


Message History

You barely miss the frilled lizard. The gnoll closely misses you.
The frilled lizard bites you but does no damage.
You miss the frilled lizard. The frilled lizard barely misses you.
The gnoll hits you but does no damage.
The gnoll hits you from afar with a +0 spear.
You block the frilled lizard's attack.
You barely miss the frilled lizard.
A kobold comes into view. It is wielding a +0 short sword.
The frilled lizard closely misses you.
The gnoll hits you from afar with a +0 spear.
A ball python comes into view.
The ball python hisses angrily.
The kobold shouts!
You slash the frilled lizard!
You kill the frilled lizard!
The gnoll hits you but does no damage. x2
The gnoll hits you with a +0 spear.
You hit the gnoll.
The gnoll is moderately wounded.
The gnoll barely misses you.
You barely miss the gnoll.
The gnoll is moderately wounded.
The gnoll closely misses you. The ball python bites you.
The ball python barely misses you.
You closely miss the gnoll.
The gnoll is moderately wounded.
You barely miss the ball python. The gnoll barely misses you.
The ball python barely misses you. The ball python misses you.
The kobold barely misses you. The gnoll completely misses you.
The ball python bites you but does no damage.
The ball python grabs you. The ball python constricts you.
You closely miss the ball python. You closely miss the kobold.
You barely miss the gnoll.
The ball python bites you but does no damage.
The ball python constricts you. The kobold hits you but does no damage.
You block the gnoll's attack.
You closely miss the ball python. You hit the kobold. You hit the gnoll.
You block the ball python's attack. The ball python constricts you.
You die...

.................#####
..........#........#...#
.........##.......)#.8.#
..............#.####...#
.#............#.########
............%%...######.
.........#.##.....(# #.
......K....##.##.#.# #.
#....g@..###.##.#...
......S)...##.##.. .(#
.........#....#####..#
..#......#.#..# .. .
#......#.....# #..
#.#..###...#.# #.#..
.###.. # #..


You could see a gnoll, a ball python and a kobold.

Vanquished Creatures
  A bat (D:1)
  A giant cockroach (D:1)
  A frilled lizard (D:1)
  A goblin (D:1)
  A rat (D:1)
5 creatures vanquished.

Notes
Turn   | Place    | Note
-------+----------+-------------------------------------------
     0 | D:1      | qw the Gargoyle Fighter began the quest for the Orb.
     0 | D:1      | Reached XP level 1. HP: 14/14 MP: 1/1
     0 | D:1      | 0 ||| qw: Version: 0.1-a-119-g272c26d
     0 | D:1      | 0 ||| qw: Game counter: 10968
     0 | D:1      | 0 ||| qw: Always use a shield: true
     0 | D:1      | 0 ||| qw: God list: Okawaru
     0 | D:1      | 0 ||| qw: Allow faded altars: false
     0 | D:1      | 0 ||| qw: Do Orc after D:15 true
     0 | D:1      | 0 ||| qw: Do second Lair branch before Depths: true
     0 | D:1      | 0 ||| qw: Lair rune preference: random
     0 | D:1      | 0 ||| qw: Plans: Normal, Zot, God:TSO, Crypt, Tomb, Pan,
                  | Slime, Hells, Zig, Abyss, Orb
     0 | D:1      | 0 ||| PLANNING D:1-11
    67 | D:1      | HP: 1/14 [gnoll/+0 spear (5)]
    72 | D:1      | Constricted to death by a ball python

Levels and vault maps discovered:
D:1:      minmay_arrival_glassed_features, layout_rooms,
          shapermc_ecumenical_altar_mp_ritualfount, serial_shops, shop_statue

Skill      XL: |  1 |
---------------+----+-----
Axes           | 2 |  2.2
Fighting       | |  3.2
Armour         | |  3.2
Shields        | |  3.2

Action                   || total
-------------------------++-------
Melee: War axe           ||    19
Armor: Scale mail        ||    13
Dodge: Dodged            ||    18
Block: Buckler           ||     4

Table legend:
 A = Non-vault XP
 B = Vault XP
 C = Vault XP percentage of total XP
 D = Non-vault monster count
 E = Vault monster count
 F = Vault count percentage of total count
                 A         B        C        D         E       F
            +---------+---------+-------+---------+---------+-------
      Total |       7 |       0 |   0.0 |       5 |       0 |   0.0
            +---------+---------+-------+---------+---------+-------
        D:1 |       7 |       0 |   0.0 |       5 |       0 |   0.0
            +---------+---------+-------+---------+---------+-------
